 Dungeon Crawl Stone Soup version 0.19.5 (webtiles) character file.

184 JeffiDaFish the Shooter (level 5, -1/26 HPs)
             Began as a Spriggan Hunter on Dec 16, 2017.
             Slain by a worm (9 damage)
             ... on level 3 of the Dungeon.
             The game lasted 00:09:03 (2978 turns).

JeffiDaFish the Shooter (Spriggan Hunter)           Turns: 2978, Time: 00:09:04

Health: -1/26      AC:  3    Str:  8    XL:     5   Next: 36%
Magic:  6/6        EV: 19    Int: 13    God:
Gold:   109        SH:  0    Dex: 17    Spells: 0 memorised, 4 levels left

rFire  . . .     SeeInvis +     b - +0 short sword
rCold  . . .     Gourm    .     c - +1 robe
rNeg   . . .     Faith    .     (shield restricted)
rPois  .         Spirit   .     (helmet restricted)
rElec  .         Reflect  .     (no cloak)
rCorr  +         Harm     .     (gloves unavailable)
MR     .....                    (boots unavailable)
Stlth  +++.......               (no amulet)
                                g - ring of stealth
                                j - ring of resist corrosion

@: very quick
A: unfitting armour, see invisible, herbivore 3, speed 3, slow metabolism 2
a: no special abilities


You were on level 3 of the Dungeon.
You were not hungry.

You visited 1 branch of the dungeon, and saw 3 of its levels.

You collected 109 gold pieces.

Inventory:

Hand Weapons
 a - a +1 shortbow
 b - a +0 short sword (weapon)
Armour
 c - a +1 robe (worn)
Jewellery
 g - a ring of stealth (right hand)
 j - a ring of resist corrosion (left hand)
Wands
 k - a wand of teleportation (4/9)
Scrolls
 e - a scroll of remove curse
 h - 4 scrolls of identify
 i - 2 scrolls of recharging
Comestibles
 f - 2 bread rations


   Skills:
 + Level 2.1 Fighting
 + Level 2.9 Short Blades
 + Level 6.4 Bows
 + Level 3.8 Dodging
 + Level 2.3 Stealth


You had 4 spell levels left.
You didn't know any spells.

Dungeon Overview and Level Annotations

Branches:
Dungeon (3/15)

Altars:


Innate Abilities, Weirdness & Mutations

You are very small and have problems with some larger weapons.
You are too small for most types of armour.
You have supernaturally acute eyesight. (SInv)
You are a herbivore.
You cover ground extremely quickly.
You need consume almost no food.


Message History

You barely miss the worm.
The worm is heavily wounded.
The worm bites you!
You hit the worm but do no damage.
The worm is heavily wounded.
The worm closely misses you.
You hit the worm.
The worm is heavily wounded.
You hit the worm.
The worm is severely wounded.
The worm barely misses you.
You barely miss the worm.
The worm is heavily wounded.
You hit the worm.
The worm is severely wounded.
The worm closely misses you.
You hit the worm but do no damage.
The worm is severely wounded.
The worm bites you!
You die...

#...... ...#.#.#
#.....) ..#.#.#
#...... #####...#.#
#...... #.........###
#...... #.........#(.
+...... #.........#.#
#...... #.(....>..#.#
##+#...
#(.(w@.(..#.#####†#[..
########(.......#.#...
#......#.#.#... ##
#......+...+... .#
#......#.#'#... .#
#...####....... .#
#...##.#....... .#
######<#....... .#
#.#.......


You could see a worm.

Vanquished Creatures
  An orc priest (D:3)
  4 gnolls
  4 adders
  An ooze (D:1)
  A worm (D:3)
  3 dart slugs (D:2)
  2 leopard geckos
  4 orcs (D:3)
  4 giant cockroaches
  6 goblins
  8 hobgoblins
  2 quokkas (D:2)
  3 ball pythons
  6 bats
  3 frilled lizards
  8 kobolds
  8 rats
68 creatures vanquished.

Notes
Turn   | Place    | Note
-------+----------+-------------------------------------------
     0 | D:1      | JeffiDaFish the Spriggan Hunter began the quest for the Orb.
     0 | D:1      | Reached XP level 1. HP: 10/10 MP: 2/2
   123 | D:1      | Reached skill level 5 in Bows
   175 | D:1      | Reached XP level 2. HP: 12/14 MP: 3/3
   612 | D:1      | Reached XP level 3. HP: 18/18 MP: 4/4
   960 | D:2      | Found a faded altar of an unknown god.
  1025 | D:2      | Reached skill level 6 in Bows
  1566 | D:2      | Reached skill level 1 in Short Blades
  1566 | D:2      | Reached XP level 4. HP: 10/23 MP: 5/5
  2401 | D:3      | Reached XP level 5. HP: 24/26 MP: 6/6
  2978 | D:3      | Slain by a worm

Skill      XL: |  1  2  3  4 |
---------------+-------------+-----
Bows           | 5 6 |  6.4
Stealth        | 2 |  2.3
Short Blades   | 1 2 |  2.9
Fighting       | 2 |  2.1
Dodging        | |  3.8

Action                   |  1- 3 |  4- 6 || total
-------------------------+-------+-------++-------
Melee: Short sword       |   125 |    95 ||   220
 Fire: Shortbow          |    34 |    42 ||    76
  Use: Potion            |     4 |     1 ||     5
       Scroll            |     4 |     3 ||     7
 Stab: Sleeping          |     5 |     3 ||     8
Armor: Robe              |     8 |     8 ||    16
Dodge: Dodged            |   111 |    81 ||   192
